 Dungeon Crawl Stone Soup version 0.20.1-1-g8b1a95d (webtiles) character file.

39 Meenos the Sneak (level 3, 0/27 HPs)
             Began as a Vampire Assassin on Nov 9, 2017.
             Slain by a ball python (1 damage)
             ... on level 2 of the Dungeon on Nov 10, 2017.
             The game lasted 00:16:08 (1306 turns).

Meenos the Sneak (Vampire Assassin)                 Turns: 1306, Time: 00:16:09

Health: 0/27       AC:  0    Str: 11    XL:     3   Next: 28%
Magic:  3/3        EV: 15    Int: 13    God:
Gold:   27         SH:  0    Dex: 20    Spells: 2/2 levels left

rFire    . . .     SeeInvis +   (weapon currently unavailable)
rCold    . . .     Gourm    .   (shield currently unavailable)
rNeg     + . .     Faith    .   (armour currently unavailable)
rPois    .         Spirit   .   (helmet currently unavailable)
rElec    .         Reflect  .   (cloak currently unavailable)
rCorr    .         Harm     .   (gloves currently unavailable)
MR       .....                  (boots currently unavailable)
Stlth    ++++++....             (no amulet)
Regen    0.1/turn               (ring currently unavailable)
MPRegen  0.1/turn               (ring currently unavailable)

@: bat-form, flying, constricted, very quick
A: fangs 3, see invisible
a: End Transformation


You were on level 2 of the Dungeon.
You were not thirsty.
You were in vampire-bat-form.
You visited 1 branch of the dungeon, and saw 2 of its levels.

You collected 27 gold pieces.

Inventory:

Hand Weapons
 a - a +2 dagger
 b - a +0 blowgun
 p - a +2 short sword of protection (melded)
Missiles
 e - 7 poisoned needles
 f - 2 curare-tipped needles
Armour
 c - a +0 robe
 d - a +0 cloak
 j - a +0 pair of boots (melded)
 q - a scarf of repulsion (melded)
 t - a +0 leather armour (melded)
 x - a +0 helmet (melded)
Jewellery
 r - an uncursed amulet of harm {unknown}
 v - an uncursed ring of magical power {unknown}
Scrolls
 h - 2 scrolls of identify {unknown}
 i - a scroll of remove curse {unknown}
 k - a scroll of random uselessness {unknown}
 m - a scroll of recharging {unknown}
 n - a scroll of enchant weapon {unknown}
 o - a scroll of amnesia {unknown}
 u - a scroll of fog {unknown}
Potions
 g - a potion of blood
 l - 2 potions of berserk rage {unknown}
 s - 3 potions of lignification {unknown}
 w - a potion of curing {unknown}


   Skills:
 - Level 1.7 Fighting
 * Level 3.0 Short Blades
 - Level 1.5 Throwing
 - Level 1.1 Dodging
 + Level 7.1 Stealth


You had 2 spell levels left.
You didn't know any spells.

Dungeon Overview and Level Annotations

Branches:
Dungeon (2/15)

Altars:


Innate Abilities, Weirdness & Mutations

You have razor-sharp teeth.
You have supernaturally acute eyesight. (SInv)
((You can survive without breathing.))


Message History

The ball python is heavily wounded.
The ball python closely misses you.
* * * LOW HITPOINT WARNING * * *
The ball python constricts you. The ball python bites you.
* * * LOW HITPOINT WARNING * * *
The ball python constricts you.
You barely miss the ball python. Your bite misses the ball python.
The ball python is heavily wounded.
The ball python bites you.
* * * LOW HITPOINT WARNING * * *
x2 The ball python constricts you.
You hit the ball python but do no damage.
The ball python is heavily wounded.
The ball python completely misses you.
* * * LOW HITPOINT WARNING * * *
The ball python constricts you.
You hit the ball python.
The ball python is severely wounded.
The ball python barely misses you.
You die...

... ....#..>.......####.... .
...### #............#.# #....
..#.(#.. .##.......##... #....
..#....#####.......... ####.#####
..!..#.. .......####. #......
#....# ##..##..# #. ######.
#...###..##...# #.. #### ##.
#..†...†......###.## #.. ....
##..###.....#.b.##... ..##...#.
.##...#..........S.....##....###.
.#...........##......#....## #.
.........#######.#...##...#
.........# #.#........####
..#......## #...##..[.....###
.##.......# ##.#....###.....#. .
#.....#.# ##.##.# ####....
#.....#.## ##..##.#####.....


You could see a ball python.

Vanquished Creatures
  An adder (D:2)
  A worm (D:2)
  A dart slug (D:1)
  4 goblins
  2 hobgoblins
  2 jackals (D:2)
  5 bats
  2 frilled lizards
  5 kobolds
  2 rats (D:2)
25 creatures vanquished.

Notes
Turn   | Place    | Note
-------+----------+-------------------------------------------
     0 | D:1      | Meenos the Vampire Assassin began the quest for the Orb.
     0 | D:1      | Reached XP level 1. HP: 16/16 MP: 1/1
   512 | D:1      | Reached skill level 6 in Stealth
   781 | D:1      | Reached XP level 2. HP: 19/22 MP: 2/2
  1237 | D:2      | Reached skill level 7 in Stealth
  1237 | D:2      | Reached XP level 3. HP: 27/27 MP: 3/3
  1305 | D:2      | HP: 1/27 [ball python (1)]
  1306 | D:2      | Slain by a ball python

Skill      XL: |  1  2 |
---------------+-------+-----
Stealth        | 6 7 |  7.1
Short Blades   | 3 |  3.0
Fighting       | |  1.7
Throwing       | |  1.5
Dodging        | |  1.1

Action                   || total
-------------------------++-------
Melee: Short sword       ||    55
       Dagger            ||     6
       Bite              ||    12
       Unarmed           ||    29
 Fire: Blowgun           ||     7
 Abil: Bat Form          ||     1
 Stab: Sleeping          ||     4
  Eat: Corpse            ||     4
Armor: Robe              ||     5
       Leather armour    ||    15
Dodge: Dodged            ||    70
       Deflected         ||     2
